 Dungeon Crawl Stone Soup version 0.19-a0-1882-gbb73ea0 (console) character file.

336 brucemayne the Cleaver (level 6, 0/51 HPs)
             Began as a Hill Orc Monk on Oct 14, 2016.
             Slain by a bullfrog (2 damage)
             ... on level 7 of the Dungeon.
             The game lasted 00:06:18 (1681 turns).

brucemayne the Cleaver (Hill Orc Monk)              Turns: 1681, Time: 00:06:19

Health: 0/51       AC: 10    Str: 16    XL:     6   Next: 54%
Magic:  6/6        EV:  7    Int: 10    God:
Gold:   104        SH:  0    Dex: 13    Spells: 0 memorised, 5 levels left

rFire  . . .     SeeInvis .     a - +1 hand axe
rCold  . . .     Gourm    .     m - +1 chain mail (curse)
rNeg   . . .     Faith    .     (no shield)
rPois  .         Spirit   .     (no helmet)
rElec  .         Dismiss  .     j - +0 cloak
rCorr  .         Reflect  .     (no gloves)
MR     .....     Harm     .     (no boots)
Stlth  ..........               (no amulet)
                                (no ring)
                                (no ring)

@: no status effects
A: no striking features
a: no special abilities


You were on level 7 of the Dungeon.
You were not hungry.

You visited 1 branch of the dungeon, and saw 7 of its levels.

You collected 104 gold pieces.

Inventory:

Hand Weapons
 a - a +1 hand axe (weapon)
 l - a +0 flail
Armour
 b - a +0 robe
 i - a +0 scale mail
 j - a +0 cloak (worn)
 m - a cursed +1 chain mail (worn)
Wands
 e - a wand of random effects (19/48)
Scrolls
 h - a scroll of recharging
 n - a scroll of teleportation
 o - 3 scrolls of remove curse {unknown}
Comestibles
 c - 2 bread rations
 d - a chunk of flesh
 f - 3 meat rations
 g - a beef jerky


   Skills:
 - Level 3.6 Fighting
 + Level 9.4 Axes
 - Level 2.4 Dodging
 - Level 1.5 Stealth


You had 5 spell levels left.
You didn't know any spells.

Dungeon Overview and Level Annotations

Branches:
Dungeon (8/15)
 Temple: D:4-7         Lair: D:8-11

Altars:

Annotations:
D:7 2 runed doors


Message History

The bullfrog hits you but does no damage.
Your chain mail prevents you from hitting the bullfrog.
The bullfrog is moderately wounded.
The bullfrog barely misses you.
You aren't carrying any potions.
Unknown command.
You miss the bullfrog.
The bullfrog is moderately wounded.
The bullfrog hits you but does no damage.
You hit the bullfrog.
The bullfrog is moderately wounded.
The bullfrog swells and bulges before releasing a deep croak.
The bullfrog barely misses you. x2
You slash the bullfrog!
The bullfrog is severely wounded.
The bullfrog hits you but does no damage.
You hit the bullfrog.
The bullfrog is almost dead.
The bullfrog hits you.
You die...

# ### #####.#
##### ......#
#...# #####.#
#.#.# #.....#
####.#@#
#.#########....#F#
#...........####..
############# ###.
# # ... ... .#
###. #.. ..# #
.##.###.###.#
.##......##.#
.##......##.#


You could see a bullfrog.

Vanquished Creatures
  A centaur (D:7)
  A centaur skeleton (D:7)
  2 hounds (D:7)
  An orc priest (D:7)
  An orc wizard (D:7)
  A worker ant (D:7)
  5 adders
  An ooze (D:3)
  An adder zombie (D:4)
  7 orcs
  2 bats
  A giant cockroach (D:1)
  6 goblins
  3 hobgoblins (D:1)
  2 kobolds
  A frilled lizard (D:3)
  4 rats
40 creatures vanquished.

Notes
Turn   | Place    | Note
-------+----------+-------------------------------------------
     0 | D:1      | brucemayne the Hill Orc Monk began the quest for the Orb.
     0 | D:1      | Reached XP level 1. HP: 19/19 MP: 1/1
    86 | D:1      | Reached XP level 2. HP: 14/26 MP: 2/2
   281 | D:2      | Reached skill level 5 in Axes
   422 | D:3      | Reached XP level 3. HP: 26/31 MP: 3/3
   728 | D:3      | Reached skill level 6 in Axes
   837 | D:3      | Reached XP level 4. HP: 36/39 MP: 4/4
   924 | D:4      | Noticed an ogre
  1048 | D:4      | You fall through a shaft for 3 floors!
  1056 | D:6      | Noticed a phantom
  1072 | D:7      | Noticed an ogre
  1099 | D:8      | Noticed an ice beast
  1110 | D:8      | Noticed a phantom
  1111 | D:8      | Noticed an orc warrior
  1176 | D:7      | Noticed a centaur
  1185 | D:7      | Reached skill level 7 in Axes
  1193 | D:7      | Killed a centaur
  1193 | D:7      | Reached skill level 8 in Axes
  1193 | D:7      | Reached XP level 5. HP: 22/45 MP: 5/5
  1268 | D:7      | Reached XP level 6. HP: 19/51 MP: 6/6
  1282 | D:7      | Reached skill level 9 in Axes
  1291 | D:7      | Noticed an orc warrior
  1379 | D:7      | Found a runed door.
  1379 | D:7      | Noticed a soldier ant
  1386 | D:7      | Noticed a soldier ant
  1388 | D:7      | Found a runed gate.
  1389 | D:7      | Noticed a soldier ant
  1476 | D:7      | HP: 1/51 [ogre/giant club (8)]
  1541 | D:7      | HP: 2/51 [poisoned by an adder]
  1675 | D:7      | HP: 1/51 [bullfrog (4)]
  1681 | D:7      | Slain by a bullfrog

Vault maps used:
D:1:      minmay_arrival_arboretum_large
D:2:      nicolae_tso_swordbearing_angel, hangedman_decor_clover_reticule,
          st_stairs_3, minmay_misc_feat_square
D:3:      marbit_many_paths, columned_hall_lemuel, grunt_decor_arrowhead
D:4:      serial_shops, nicolae_shop_waterfront, first_bread
D:7:      minmay_guarded_unrand_staff_of_olgreb
D:8:      lemuel_doored_altar, serial_shops, shop

Skill      XL: |  1  2  3  4  5  6 |
---------------+-------------------+-----
Axes           | 5 6 8 9 |  9.4
Fighting       | |  3.6
Dodging        | |  2.4
Stealth        | |  1.5

Action                   |  1- 3 |  4- 6 || total
-------------------------+-------+-------++-------
Melee: Hand axe          |   105 |   121 ||   226
Evoke: Wand              |       |     2 ||     2
  Use: Scroll            |       |     8 ||     8
  Eat: Chunk             |       |     3 ||     3
Armor: Robe              |     7 |       ||     7
       Chain mail        |    20 |    83 ||   103
Dodge: Dodged            |    52 |    46 ||    98
